 Dungeon Crawl Stone Soup version 0.24.0-13-gcf9b319 (webtiles) character file.

Game seed: 1380881457462022788, levelgen mode: deterministic

28 Ceann the Magician (level 3, 0/21 HPs)
             Began as an Octopode Wizard on Jan 25, 2020.
             Slain by a leopard gecko (4 damage)
             ... on level 1 of the Dungeon on Jan 26, 2020.
             The game lasted 00:03:11 (1338 turns).

Ceann the Magician (Octopode Wizard)                Turns: 1338, Time: 00:03:11

Health: 0/21       AC:  1    Str:  6    XL:     3   Next: 12%
Magic:  0/8        EV: 13    Int: 21    God:
Gold:   58         SH:  0    Dex: 10    Spells: 8/9 levels left

rFire    . . .     SeeInvis .   (no weapon)
rCold    . . .     Gourm    .   (no shield)
rNeg     . . .     Faith    .   a - +0 hat
rPois    .         Spirit   .   (no amulet)
rElec    .         Reflect  .   (no ring)
rCorr    .         Harm     .   (no ring)
MR       .....                  (no ring)
Stlth    +++.......             (no ring)
HPRegen  0.07/turn              (no ring)
MPRegen  0.11/turn              (no ring)
                                (no ring)
                                (no ring)

@: very slightly contaminated
A: almost no armour, stealthy swim, amphibious, 8 rings, constrict 8, camouflage
1, gelatinous body 1
a: no special abilities


You were on level 1 of the Dungeon.
You were not hungry.

You visited 1 branch of the dungeon, and saw 2 of its levels.

You collected 58 gold pieces.

Inventory:

Armour
 a - a +0 hat (worn)
Scrolls
 b - 2 scrolls of teleportation {unknown}
 e - a scroll of remove curse {unknown}
 f - 2 scrolls of identify {unknown}
 j - a scroll of fear {unknown}
Potions
 d - a potion of curing {unknown}
 g - a potion of brilliance {unknown}
 i - 3 potions of lignification {unknown}
Comestibles
 c - 2 rations
 h - 5 chunks of flesh


   Skills:
 + Level 2.3 Dodging
 + Level 3.2 Stealth
 + Level 0.2 Unarmed Combat
 + Level 3.5 Spellcasting
 + Level 1.1 Conjurations
   Level 1.0 Summonings
   Level 1.0 Translocations


You had 8 spell levels left.
You knew the following spells:

 Your Spells              Type           Power        Failure   Level  Hunger
a - Magic Dart            Conj           #...         8%          1    None

Your spell library contained the following spells:

 Spells                   Type           Power        Failure   Level  Hunger
 Blink                    Tloc           N/A          13%         2    ##.....
 Call Imp                 Summ           #.......     13%         2    ##.....
 Slow                     Hex            #.......     19%         2    ##.....
 Conjure Flame            Conj/Fire      #.......     30%         3    ###....
 Mephitic Cloud           Conj/Pois/Air  #.......     32%         3    ###....


Dungeon Overview and Level Annotations

Branches:
Dungeon (2/15)

Altars:


Innate Abilities, Weirdness & Mutations

You cannot wear most types of armour.
You are very stealthy in the water. (Stealth+)
You are amphibious.
You can wear up to eight rings at the same time.
You can use your tentacles to constrict eight enemies at once.
Your skin changes colour to match your surroundings (Stealth+).
Your rubbery body absorbs attacks. (AC +1, EV +1)


Message History

Aim: a goblin (severely wounded)
The magic dart hits the goblin.
You kill the goblin!
The leopard gecko closely misses you.
Casting: Magic Dart (safe; 8% risk of failure)
Confirm with . or Enter, or press ? or * to list all spells.
Aiming: Magic Dart (safe; 8% risk of failure)
Press: ? - help, Shift-Dir - straight line, f - leopard gecko
Aim: a leopard gecko The magic dart hits the leopard gecko.
The leopard gecko is heavily wounded.
The leopard gecko closely misses you.
You tentacle-slap the leopard gecko. Your grab misses the leopard gecko.
The leopard gecko is severely wounded.
The leopard gecko completely misses you.
The leopard gecko closely misses you.
You barely miss the leopard gecko. Your grab misses the leopard gecko.
The leopard gecko is severely wounded.
The leopard gecko bites you.
You die...

#>..#...##.## #. #.#.#...'.##
##############.
#.#.#####.####..............
#.#.# #.#'...#.##.#..#####. #.#.#
##.##...#.##.##.## #. #.#.#
#.###...#.##.##..# #.
#.#.###'###...#.##.###.## #.
#)#......##...#.##.# #..# #.
#.#......##@l.#.##.# ##.# #.
######.#......##.>.#....# #.####
.......#.#######......######..###
########...........(..........##.
.................................
#############..................#.
# #................#... #
#................###. #
#................# #.


You could see a leopard gecko.

Vanquished Creatures
  A dart slug (D:1)
  2 giant cockroaches
  4 goblins (D:1)
  4 hobgoblins
  6 bats
  4 frilled lizards
  A kobold (D:1)
  3 rats
25 creatures vanquished.

Notes
Turn   | Place    | Note
-------+----------+-------------------------------------------
     0 | D:1      | Ceann the Octopode Wizard began the quest for the Orb.
     0 | D:1      | Reached XP level 1. HP: 11/11 MP: 4/4
   413 | D:1      | Reached XP level 2. HP: 16/17 MP: 0/6
  1218 | D:2      | Reached XP level 3. HP: 11/21 MP: 0/7
  1338 | D:1      | Slain by a leopard gecko

Levels and vault maps discovered:
D:1:      dpeg_arrival_connections, layout_basic
D:2:      layout_rooms, vehumet_crystals, first_ration,
          chequers_serial_rivers_micro_d, lightli_corner_chamber

Skill      XL: |  1 |
---------------+----+-----
Stealth        | 3 |  3.2
Dodging        | |  2.3
Unarmed Combat | |  0.2
Spellcasting   | |  3.5
Conjurations   | |  1.1
Summonings     | |  1.0
Translocations | |  1.0

Action                   || total
-------------------------++-------
Melee: Unarmed           ||    29
       Constrict         ||     6
       Tentacles         ||     3
 Cast: Magic Dart        ||    61
  Eat: Chunk             ||     1
Armor: Skin              ||     7
Dodge: Dodged            ||    25
